 Dungeon Crawl Stone Soup version 0.17.1-3-g152610e (webtiles) character file.

60 juanjsm the Sneak (level 3, 0/16 HPs)
             Began as a Spriggan Enchanter on Apr 20, 2016.
             Succumbed to an adder's poison
             ... on level 3 of the Dungeon.
             The game lasted 00:06:03 (1262 turns).

juanjsm the Sneak (Spriggan Enchanter)              Turns: 1262, Time: 00:06:04

Health: 0/16       AC:  3    Str:  4    XL:     3   Next: 80%
Magic:  3/8        EV: 18    Int: 17    God:
Gold:   144        SH:  0    Dex: 16    Spells: 3 memorised, 2 levels left

rFire  + . .     SeeInvis +     a - +1 dagger
rCold  . . .     Clarity  .     b - +1 robe
rNeg   . . .     SustAt   .     (shield restricted)
rPois  .         Gourm    .     (helmet restricted)
rElec  .         Spirit   .     (no cloak)
rCorr  .         Warding  .     (gloves unavailable)
rMut   .         Stasis   .     (boots unavailable)
MR     .....                    (no amulet)
Stlth  +++.......               (no ring)
                                o - ring of protection from fire

@: lethally poisoned (0 -> -4), very quick, not resistant to hostile
enchantments, fairly stealthy
A: unfitting armour, see invisible, herbivore 3, speed 3, slow metabolism 2
a: no special abilities


You were on level 3 of the Dungeon.
You were not hungry.

You visited 1 branch of the dungeon, and saw 3 of its levels.

You collected 144 gold pieces.

Inventory:

Hand Weapons
 a - a +1 dagger (weapon)
Armour
 b - a +1 robe (worn)
Jewellery
 o - a ring of protection from fire (left hand)
Scrolls
 e - a scroll of random uselessness {unknown}
 f - a scroll of noise {unknown}
 i - a scroll of blinking {unknown}
 k - 3 scrolls of amnesia {unknown}
 m - 2 scrolls of identify {unknown}
 n - a scroll of enchant armour {unknown}
Potions
 g - a potion of heal wounds {unknown}
 h - 3 potions of curing {unknown}
 j - a potion of brilliance {unknown}
 l - a potion of agility {unknown}
Books
 c - a book of Maledictions

   Spells                             Type                      Level
   a - Corona                         Hexes                        1
   b - Ensorcelled Hibernation        Hexes/Ice                    2
   c - Confuse                        Hexes                        3
   d - Tukima's Dance                 Hexes                        3
   e - Dazzling Spray                 Conjuration/Hexes            3
Comestibles
 d - 2 bread rations


   Skills:
 + Level 1.1 Short Blades
 + Level 3.3 Dodging
 + Level 5.5 Stealth
 + Level 3.4 Spellcasting
 + Level 4.4 Hexes
 + Level 0.1 Ice Magic


You had 2 spell levels left.
You knew the following spells:

 Your Spells              Type           Power        Failure   Level  Hunger
a - Corona                Hex            ###....      2%          1    None
b - Ensorcelled Hibernat  Hex/Ice        ##....       12%         2    ##.....
c - Confuse               Hex            ###.....     10%         3    ###....


Dungeon Overview and Level Annotations

Branches:
Dungeon (3/15)

Altars:


Innate Abilities, Weirdness & Mutations

You are tiny and cannot use many weapons and most armour.
You have supernaturally acute eyesight.
You are a herbivore.
You cover ground extremely quickly.
You need consume almost no food.


Message History

A jackal comes into view.
Found a silver ring.
o - a silver ring Put on which piece of jewellery? (? for menu, Esc to quit)
o - a ring of protection from fire (left hand)
The worm is too close now for your liking.
The worm bites you!
Ouch! That really hurt!
A jackal comes into view.
The jackal moves out of view.
There is a stone staircase leading down here.
The gnoll shouts!
The adder bites you.
* * * LOW HITPOINT WARNING * * *
You are lethally poisoned!
The adder poisons you!
The gnoll hits you from afar with a halberd.
* * * LOW HITPOINT WARNING * * *
You climb downwards.
You die...

#...... #.#....
#.#.#.# #.#.#.#
#.#.#.#
##.#.#.#######.#
####.....<........#
#..............##
#.##.....##@#.#.# #
##.#.##S##.#
#.#........
#.####.##.# #.#
##.# #. .. .# #


You could see an adder.

Vanquished Creatures
  A gnoll (D:2)
  2 adders (D:2)
  2 giant geckos
  4 giant cockroaches (D:1)
  8 hobgoblins
  4 kobolds (D:1)
  2 bats
  A giant newt (D:1)
  3 goblins
  A quokka (D:2)
  3 rats (D:1)
31 creatures vanquished.

Notes
Turn   | Place    | Note
--------------------------------------------------------------
     0 | D:1      | juanjsm the Spriggan Enchanter began the quest for the Orb.
     0 | D:1      | Reached XP level 1. HP: 9/9 MP: 5/5
   319 | D:1      | Reached XP level 2. HP: 4/13 MP: 2/7
   332 | D:1      | Learned a level 2 spell: Ensorcelled Hibernation
   736 | D:1      | Reached skill level 5 in Stealth
   736 | D:1      | Reached XP level 3. HP: 16/16 MP: 4/8
   741 | D:1      | Learned a level 3 spell: Confuse
  1070 | D:2      | Found a faded altar to an unknown god.
  1262 | D:3      | Succumbed to an adder's poison

Action                   || total
-------------------------++-------
Melee: Dagger            ||    88
 Cast: Corona            ||    11
       Ensorcelled Hiber ||    14
       Confuse           ||     1
 Stab: Sleeping          ||    20
       Confused          ||     1
